cohdb
Replays
Latest Replays
All Replays
Popular Replays
Top Player Replays
Match Explorer
How It Works
Community
CoH3 Stats
Reddit
Sign in to upload your games and track your stats! →
Sign in with Steam
Match 28680252
Unlisted
Match 28680252
Overview
Messages
Build Orders
End
Pioneer Squad
Pioneer Squad
Construct Infanterie Kompanie
Pioneer Squad
MG 42 Machine Gun Team
Grenadier Squad
Selects Mechanized Battlegroup
Construct Panzergrenadier Kompanie
251 Medium Carrier
Panzergrenadier Squad
Selects Raid Package
Pak 40 Anti-tank Gun Team
Medical Station
Selects 8 Rad Armored Car
8 Rad Armored Car
Panzergrenadier Squad
Construct Panzer Kompanie
Stoßtruppen Squad
Pin0kyo
CAuMOH
Ruby
HulkSMASH
0
0
Comments
sign in to comment!
No comments posted yet!